 Dungeon Crawl Stone Soup version 0.29.1-12-g30fa7ad0bf (webtiles) character file.

Game seed: 15468617185870842310

13246 sanboga the Cleaver (level 11, -1/102 HPs)
             Began as a Minotaur Berserker on Dec 31, 2022.
             Was a High Priest of Trog.
             Killed from afar by an electric eel (7 damage)
             ... with a bolt of electricity
             ... on level 9 of the Dungeon.
             The game lasted 00:08:53 (7905 turns).

sanboga the Cleaver (Minotaur Berserker)            Turns: 7905, Time: 00:08:53

Health: -1/102     AC: 25    Str: 32    XL:     11   Next: 73%
Magic:  10/10      EV:  7    Int:  4    God:    Trog [*****.]
Gold:   479        SH: 10    Dex: 10    Spells: 10/10 levels left

rFire   . . .      SeeInvis +   I - +3 hand axe (freeze)
rCold   . . .      Faith    .   p - +0 kite shield
rNeg    . . .      Spirit   .   K - +0 plate armour
rPois   .          Reflect  .   i - +0 hat {SInv}
rElec   .          Harm     .   D - +0 cloak
rCorr   .          Rampage  .   G - +2 pair of gloves
Will    .....                   C - +0 pair of boots
Stlth   ..........              b - amulet of regeneration
HPRegen 1.07/turn               J - +4 ring of protection
MPRegen 0.12/turn               s - +6 ring of strength

@: on berserk cooldown, slowed, very slow
A: horns 2, retaliatory headbutt
a: Renounce Religion, Berserk, Trog's Hand, Brothers in Arms


You were on level 9 of the Dungeon.
You worshipped Trog.
Trog was extremely pleased with you.
You visited 1 branch of the dungeon, and saw 9 of its levels.

You collected 479 gold pieces.

Inventory:

Hand Weapons
 a - a +0 war axe
 I - a +3 hand axe of freezing (weapon)
Armour
 i - a +0 hat of see invisible (worn)
 p - a +0 kite shield (worn)
 C - a +0 pair of boots (worn)
 D - a +0 cloak (worn)
 G - a +2 pair of gloves (worn)
 K - a +0 plate armour (worn)
Jewellery
 b - an amulet of regeneration (around neck)
 f - a ring of resist corrosion
 s - a +6 ring of strength (right hand)
 B - a ring of protection from fire
 J - a +4 ring of protection (left hand)
 L - a ring of ice
Wands
 y - a wand of flame (25)
 F - a wand of roots (9)
 M - a wand of polymorph (9)
 N - a wand of charming (2)
Scrolls
 c - 8 scrolls of identify {unknown}
 d - a scroll of enchant armour {unknown}
 e - 4 scrolls of summoning {unknown}
 g - 3 scrolls of immolation {unknown}
 h - 4 scrolls of magic mapping {unknown}
 j - 3 scrolls of poison {unknown}
 n - a scroll of amnesia {unknown}
 q - 7 scrolls of teleportation {unknown}
 t - a scroll of enchant weapon {unknown}
 v - 2 scrolls of butterflies {unknown}
 w - a scroll of vulnerability {unknown}
 x - a scroll of brand weapon {unknown}
 z - a scroll of fear {unknown}
Potions
 k - 3 potions of curing {unknown}
 l - 6 potions of heal wounds {unknown}
 m - 3 potions of attraction {unknown}
 r - 3 potions of flight {unknown}
 u - 3 potions of invisibility {unknown}
 A - 2 potions of lignification {unknown}
 E - 2 potions of might {unknown}
 H - a potion of mutation {unknown}


   Skills:
 + Level 11.0 Fighting
 * Level 14.7 Axes
 + Level 10.6 Armour
 - Level 2.1 Dodging
 + Level 9.8 Shields


You had 10 spell levels left.
You didn't know any spells.
Your spell library was empty.

Dungeon Overview and Level Annotations

Branches:
Dungeon (9/15)             Temple (0/1) D:4
   Lair: D:8-11         Orc: D:9-12

Altars:
Gozag
Kikubaaqudgha
Sif Muna
Uskayaw
Wu Jian
Xom
Zin

Shops:
D:6 *   D:8 *


Innate Abilities, Weirdness & Mutations

You have a pair of horns on your head.
You reflexively headbutt those who attack you in melee.


Message History

The troll is lightly wounded.
You are no longer berserk.
You are exhausted.
You feel yourself slow down.
You hit the troll. You freeze the troll.
The troll is moderately wounded.
The troll bites you but does no damage. The troll claws you but does no damage.
You block the troll's attack.
The electric eel shoots out a bolt of lightning at you!
The bolt of electricity hits you.
* * * LOW HITPOINT WARNING * * *
A hound comes into view.
You hear a howl!
You hit the troll. You freeze the troll.
The troll is moderately wounded.
You block the troll's attack. The troll claws you but does no damage.
You block the troll's attack.
You slash the troll! You freeze the troll. Your headbutt misses the troll.
The troll is severely wounded.
The electric eel shoots out a bolt of lightning at you!
The bolt of electricity hits you but does no damage.
The troll completely misses you. The troll claws you but does no damage.
You block the troll's attack.
A hound comes into view.
The troll bites you but does no damage. The troll claws you!
* * * LOW HITPOINT WARNING * * *
The troll claws you.
* * * LOW HITPOINT WARNING * * *
The hound barks!
You hear a howl!
You barely miss the troll. You headbutt the troll!
The troll is almost dead.
The hound stops to sniff the ground.
You block the troll's attack.
The troll claws you but does no damage. x2
As you read the scroll labelled AJOACZIUNU, it crumbles to dust.
You hear a loud clanging noise!
It was a scroll of noise.
You hear a bellow! x3
The electric eel shoots out a bolt of lightning at you!
The bolt of electricity hits you!
You die...

#.###.#.#...##.#....
#.....#.#.#.........
###.....#.....#..
..#.
.........#####.#.##
# ####..............
###...###...#. .
######.........## ..
.......[..###.... ..
.......@h...# ##
.......T....+
............#
...###.....(# ##.
...h..... #
........S..
.........≈~
........~~≈~


You could see a troll, 2 hounds and an electric eel.

Vanquished Creatures
  Gastronok (D:8)
  3 two-headed ogres (D:9)
  The ghost of venomsnake the Fighter, a novice MiBe of Trog (D:8)
  A sun demon (D:9)
  Maggie (D:8)
  3 unseen horror zombies (D:8)
  A kobold demonologist (D:9)
  A troll (D:9)
  2 hornets
  Sigmund (D:3)
  2 wyverns
  Eustachio (D:6)
  10 yaks
  3 acid dragons (D:9)
  Edmund (D:6)
  3 water moccasins
  2 sky beasts (D:7)
  Duvessa (D:4)
  2 orc warriors
  A hornet zombie (D:8)
  2 black bears (D:6)
  4 ice beasts
  An ogre (D:7)
  A phantom (D:6)
  4 kobold brigands
  5 bullfrogs
  A wyvern zombie (D:8)
  4 scorpions
  13 wights
  Dowan (D:4)
  6 killer bees
  3 electric eels (D:6)
  A howler monkey (D:9)
  4 centaur zombies (D:8)
  2 gnoll boudas
  6 orc priests
  2 hounds
  A jelly (D:7)
  Crazy Yiuf (D:5)
  3 iguanas
  12 orc wizards
  A killer bee zombie (D:8)
  Robin (D:2)
  10 adders
  13 gnolls
  A shadow imp (D:5)
  2 white imps
  An ufetubus (D:6)
  3 worms
  12 dart slugs
  32 orcs
  5 bats
  8 endoplasms
  4 giant cockroaches
  18 goblins
  6 hobgoblins
  13 jackals
  6 quokkas
  2 training dummies (D:4)
  7 ball pythons
  7 frilled lizards
  15 kobolds
  A rat (D:3)
286 creatures vanquished.

Vanquished Creatures (others)
  An electric eel (D:6)
  21 plants
  4 withered plants (D:8)
26 creatures vanquished.

Grand Total: 312 creatures vanquished

Notes
Turn   | Place    | Note
-------+----------+-------------------------------------------
     0 | D:1      | sanboga the Minotaur Berserker began the quest for the Orb.
     0 | D:1      | Reached XP level 1. HP: 19/19 MP: 0/0
    55 | D:1      | Reached skill level 4 in Axes
    69 | D:1      | Reached XP level 2. HP: 27/27 MP: 1/1
  1423 | D:2      | Found a faded altar of an unknown god.
  1430 | D:2      | Reached XP level 3. HP: 21/33 MP: 2/2
  1701 | D:2      | Reached skill level 5 in Axes
  1701 | D:2      | Reached XP level 4. HP: 40/40 MP: 3/3
  1817 | D:2      | Noticed Robin
  1820 | D:2      | Reached ** piety under Trog
  1834 | D:2      | Killed Robin
  2006 | D:2      | Found an ornate altar of the Wu Jian Council.
  2572 | D:3      | Reached XP level 5. HP: 47/47 MP: 4/4
  2709 | D:3      | Reached *** piety under Trog
  2738 | D:3      | Reached skill level 6 in Axes
  2738 | D:3      | Reached skill level 1 in Shields
  2743 | D:3      | Reached skill level 5 in Fighting
  2926 | D:3      | Noticed Sigmund
  2945 | D:3      | Killed Sigmund
  2946 | D:3      | Reached XP level 6. HP: 56/56 MP: 5/5
  3446 | D:4      | Reached skill level 7 in Axes
  3446 | D:4      | Reached XP level 7. HP: 18/61 MP: 6/6
  3572 | D:4      | Found a staircase to the Ecumenical Temple.
  3689 | D:4      | Reached skill level 5 in Armour
  3734 | D:4      | Reached **** piety under Trog
  3759 | D:4      | Noticed Duvessa
  3759 | D:4      | Noticed Dowan
  3763 | D:4      | Killed Dowan
  3769 | D:4      | Killed Duvessa
  4197 | D:5      | Entered Level 5 of the Dungeon
  4240 | D:5      | Reached skill level 8 in Axes
  4281 | D:5      | Found a hide-covered altar of Uskayaw.
  4281 | D:5      | Found an opulent altar of Gozag.
  4294 | D:5      | Reached XP level 8. HP: 56/71 MP: 7/7
  4584 | D:5      | Reached skill level 9 in Axes
  4603 | D:5      | Found a runed translucent door.
  4627 | D:5      | Noticed Crazy Yiuf
  4635 | D:5      | Killed Crazy Yiuf
  4959 | D:5      | Reached skill level 5 in Shields
  5187 | D:6      | Noticed Eustachio
  5203 | D:6      | Killed Eustachio
  5204 | D:6      | Reached XP level 9. HP: 79/79 MP: 8/8
  5276 | D:6      | Reached skill level 10 in Axes
  5346 | D:6      | Found Guext's Goods Gallery.
  5495 | D:6      | Found a shimmering altar of Xom.
  5596 | D:6      | Noticed Edmund
  5605 | D:6      | Killed Edmund
  5747 | D:6      | Found a shimmering blue altar of Sif Muna.
  6077 | D:7      | Found a glowing silver altar of Zin.
  6146 | D:7      | Reached ***** piety under Trog
  6156 | D:7      | Found an ancient bone altar of Kikubaaqudgha.
  6273 | D:7      | Reached skill level 11 in Axes
  6401 | D:7      | Reached XP level 10. HP: 90/90 MP: 9/9
  6854 | D:8      | Paralysed by a hornet for 2 turns
  6859 | D:8      | Noticed Maggie
  6864 | D:8      | Reached skill level 12 in Axes
  6869 | D:8      | Killed Maggie
  7014 | D:8      | Noticed Gastronok
  7026 | D:8      | Killed Gastronok
  7027 | D:8      | Reached skill level 13 in Axes
  7294 | D:8      | Reached skill level 10 in Fighting
  7350 | D:8      | Found Buve's Serpentskin Sales.
  7355 | D:8      | Reached XP level 11. HP: 95/99 MP: 10/10
  7420 | D:8      | Identified the +3 leather armour of the Evening {Int+4}
  7425 | D:8      | Found a runed translucent door.
  7425 | D:8      | Noticed venomsnake's ghost (novice MiBe)
  7641 | D:8      | Killed venomsnake's ghost
  7677 | D:9      | Noticed a two-headed ogre
  7683 | D:9      | Killed a two-headed ogre
  7686 | D:9      | Reached skill level 10 in Armour
  7697 | D:9      | Noticed a two-headed ogre
  7702 | D:9      | Reached skill level 14 in Axes
  7710 | D:9      | Killed a two-headed ogre
  7714 | D:9      | Noticed a two-headed ogre
  7723 | D:9      | Killed a two-headed ogre
  7753 | D:9      | Paralysed by a hornet for 2 turns
  7879 | D:9      | Noticed a sun demon
  7893 | D:9      | Killed a sun demon
  7903 | D:9      | HP: 3/102 [troll (6)]
  7905 | D:9      | Killed from afar by an electric eel

Illustrated notes

Levels and vault maps discovered:
D:1:      eino_arrival_water_cross, layout_loops_corners, serial_forest,
          infiniplex_forest_join, infiniplex_forest_straight_1,
          infiniplex_forest_lined_3, infiniplex_forest_lined_3,
          infiniplex_forest_clump_large, infiniplex_forest_corner_1,
          infiniplex_forest_end_2, infiniplex_forest_straight_3,
          infiniplex_forest_lined_room_3, infiniplex_forest_end_2,
          kennysheep_crisscross
D:2:      layout_basic, basic_altar, shapermc_ecumenical_altar_venn, uniq_robin
D:3:      layout_basic, minmay_misc_feat_pillars, kennysheep_potato,
          uniq_sigmund
D:4:      dreamdust_elfheim, layout_loops_ring, minmay_temple_entry_hall,
          chequers_serial_rivers_micro_a, minmay_surrounded
D:5:      layout_loops_ring, gammafunk_temple_overflow_pools,
          uniq_crazy_yiuf_cottage
D:6:      kennysheep_slugbush, layout_basic, mainiacjoe_overflow_alcove_2,
          nicolae_sif_muna_little_library, nicolae_alphabet_shops,
          serial_bayou_lagoon_a, st_stairs_5, minivault_27, uniq_edmund,
          uniq_eustachio
D:7:      layout_cave_pods, zin_academy, nicolae_overflow_crystal_walls
D:8:      layout_loops_ring, hellmonk_ghost_happy_afterlife, serial_undead,
          serial_undead_f, serial_undead_e, serial_undead_d, serial_undead_e,
          serial_undead_c, serial_undead_d, guppyfry_shop_venom, uniq_maggie,
          uniq_gastronok
D:9:      layout_basic, erik_lair_island, orc_0_dummy, serial_demonic,
          serial_demonic_a, serial_demonic_f, serial_demonic_d,
          serial_demonic_e, minmay_alternating_orb

Skill      XL: |  1  2  3  4  5  6  7  8  9 10 11 |
---------------+----------------------------------+-----
Axes           | 4 5 6 7 8 9 11 13 14 | 14.7
Fighting       | 4 5 6 7 8 10 11 | 11.0
Armour         | 3 4 5 6 8 9 10 | 10.6
Shields        | 2 4 5 7 8 9 |  9.8
Dodging        | |  2.1

Action                   |  1- 3 |  4- 6 |  7- 9 | 10-12 || total
-------------------------+-------+-------+-------+-------++-------
Melee: Hand axe          |    70 |   179 |    69 |   279 ||   597
       Headbutt          |    10 |    19 |    52 |    56 ||   137
       Punch             |       |     1 |       |       ||     1
       War axe           |       |       |   189 |       ||   189
Invok: Berserk           |     1 |     3 |     6 |     5 ||    15
  Use: Scroll            |       |       |       |     1 ||     1
Armor: Animal skin       |     6 |       |       |       ||     6
       Chain mail        |    11 |   128 |   133 |       ||   272
       Plate armour      |       |       |       |   140 ||   140
Dodge: Dodged            |    28 |    46 |   101 |    66 ||   241
Block: Kite shield       |       |    21 |   105 |   122 ||   248
